AoeStats
← bestingame23

Pilgrims

508349571Analyzed
4v4 RM · 11d ago on Sep 22, 2026· 40m 58s· 8 players
Game mode
Random Map
Map size
Large (8 player)
Population
200
Speed
Normal
Resources
Standard
Victory
Conquest
Starting age
Dark Age
Ending age
Imperial Age
RankedLock teamsTeams togetherTeam positionsShared explorationLock speedFull tech treeHidden civsTurbo modeCheats
Victory
Defeat
🇨🇴 Ethiopians · Colombia
1189
+13
🇨🇦 Romans · Canada
1127
+16
🇺🇸 Persians · United States
1116
+16
🇨🇴 Malay · Colombia
1082
+17
🇺🇸 Byzantines · United States
1131
-16
🇺🇸 Aztecs · United States
1131
-16
🇺🇸 Bulgarians · United States
1116
-15
🇺🇸 Vietnamese · United States
1104
-15
Tiger333
4:43 Loom
18:16 Feudal Age
22:07 Castle Age
20:12 Fishing Lines
21:07 Double-Bit Axe
21:04 Horse Collar
24:14 Wheelbarrow
23:55 Bow Saw
23:49 Heavy Plow
23:58 Town Watch
25:12 Hand Cart
29:49 Thumb Ring
29:06 Crossbowman
36:09 Gold Mining
36:10 Stone Mining
36:54 Forging
36:37 Fletching
36:53 Scale Barding Armor
39:16 Town Patrol
40:17 Gold Shaft Mining
40:18 Stone Shaft Mining
DropDongHitBong420
3:58 Loom
13:51 Feudal Age
18:39 Castle Age
17:05 Scale Mail Armor
17:15 Forging
16:53 Fishing Lines
17:02 Double-Bit Axe
18:14 Forging
18:34 Man-at-Arms
19:43 Chain Mail Armor
20:06 Iron Casting
19:45 Bow Saw
19:39 Gillnets
20:59 Long Swordsman
21:40 Squires
28:39 Careening
31:03 Imperial Age
28:46 Clinker Construction
32:55 Blast Furnace
31:16 Legionary
TVHG - Harold Barón
3:55 Loom
13:11 Feudal Age
17:28 Castle Age
15:29 Fletching
17:05 Padded Archer Armor
17:03 Double-Bit Axe
17:35 Crossbowman
20:01 Bodkin Arrow
22:13 Thumb Ring
23:42 Leather Archer Armor
33:33 Ballistics
43:45 Imperial Age
(ATARB)TheWitcher32
10:16 Loom
16:00 Feudal Age
16:45 Double-Bit Axe
16:55 Gold Mining
28:57 Horse Collar
37:56 Castle Age
37:23 Demolition Ship
38:16 Medium Warships
39:43 Bow Saw
Skymall
16:07 Feudal Age
14:28 Loom
18:52 Double-Bit Axe
26:31 Castle Age
28:26 Wheelbarrow
28:13 Medium Warships
29:24 Fletching
30:18 Murder Holes
32:32 Hand Cart
34:07 Bow Saw
35:30 Bodkin Arrow
37:10 Scale Barding Armor
37:18 Forging
37:11 Scale Mail Armor
39:07 Thumb Ring
39:09 Horse Collar
39:40 Padded Archer Armor
39:43 Husbandry
Slaylan
5:54 Loom
14:10 Feudal Age
19:56 Castle Age
18:58 Scale Mail Armor
19:08 Forging
21:20 Chain Mail Armor
20:43 Eagle Warrior
22:25 Squires
32:49 Iron Casting
39:46 Horse Collar
alinnster
6:35 Loom
15:42 Feudal Age
17:03 Wheelbarrow
16:23 Double-Bit Axe
17:25 Fishing Lines
18:19 Gold Mining
24:48 Castle Age
23:44 Fletching
23:54 Padded Archer Armor
25:32 Bodkin Arrow
25:52 Leather Archer Armor
25:21 Elite Skirmisher
36:42 Bow Saw
38:14 Gillnets
bestingame23
4:13 Loom
15:02 Feudal Age
18:16 Arson
23:56 Castle Age
23:46 Padded Archer Armor
23:48 Scale Mail Armor
25:00 Wheelbarrow
24:11 Double-Bit Axe
24:53 Squires
24:39 Gambesons
28:07 Forging
29:28 Chain Mail Armor
33:13 Iron Casting
34:12 Scale Barding Armor
36:45 Fletching
38:01 Demolition Ship
Connection lost

Rejoining the realm…

Still unreachable

The connection could not be restored.

Session expired

The server has moved on; the page needs a fresh start.